 Dungeon Crawl Stone Soup version 0.26-a0-52-gd53d4cd058 (webtiles) character file.

Game seed: 8115978728870653634

534 MarredHen the Stinger (level 7, -4/51 HPs)
             Began as a Gnoll Venom Mage on June 5, 2020.
             Was a Follower of Wu Jian.
             Killed from afar by Dowan (17 damage)
             ... with a shard of ice
             ... on level 5 of the Dungeon.
             The game lasted 00:11:23 (4699 turns).

MarredHen the Stinger (Gnoll Venom Mage)            Turns: 4699, Time: 00:11:24

Health: -4/51      AC:  2    Str: 11    XL:     7   Next: 25%
Magic:  0/15       EV: 13    Int: 18    God:    Wu Jian [*.....]
Gold:   170        SH:  8    Dex: 16    Spells: 14/17 levels left

rFire    . . .     SeeInvis .   m - +0 short sword
rCold    . . .     Gourm    .   g - +0 kite shield (curse)
rNeg     . . .     Faith    .   a - +0 robe
rPois    .         Spirit   .   (no helmet)
rElec    .         Reflect  .   (no cloak)
rCorr    .         Harm     .   (no gloves)
MR       .....                  (no boots)
Stlth    +++.......             (no amulet)
HPRegen  0.17/turn              (no ring)
MPRegen  0.14/turn              (no ring)

@: very slightly contaminated
A: distributed training, fangs 1, strong nose
a: Renounce Religion


You were on level 5 of the Dungeon.
You worshipped Wu Jian.
Wu Jian was aware of your devotion.
You were not hungry.

You visited 1 branch of the dungeon, and saw 5 of its levels.

You collected 170 gold pieces.

Inventory:

Hand Weapons
 m - a +0 short sword (weapon)
Armour
 a - a +0 robe (worn)
 g - a cursed +0 kite shield (worn)
Wands
 n - a wand of clouds (1)
 o - a wand of flame (21)
Scrolls
 d - 9 scrolls of identify {unknown}
 e - 3 scrolls of enchant weapon {unknown}
 f - 3 scrolls of remove curse {unknown}
 i - a scroll of fog {unknown}
 j - 3 scrolls of fear {unknown}
 k - a scroll of blinking {unknown}
Potions
 b - a potion of berserk rage {unknown}
 l - a potion of haste {unknown}
 p - 3 potions of heal wounds {unknown}
 q - a potion of brilliance {unknown}
 r - a potion of flight {unknown}
Comestibles
 c - 8 rations


   Skills:
 + Level 2.3 Fighting
 + Level 2.3 Short Blades
 + Level 2.3 Long Blades
 + Level 2.3 Axes
 + Level 2.3 Maces & Flails
 + Level 2.3 Polearms
 + Level 2.3 Staves
 + Level 2.3 Slings
 + Level 2.3 Bows
 + Level 2.3 Crossbows
 + Level 2.3 Throwing
 + Level 2.3 Armour
 + Level 5.1 Dodging
 + Level 4.8 Stealth
 + Level 2.3 Shields
 + Level 2.3 Unarmed Combat
 + Level 5.5 Spellcasting
 + Level 1.9 Conjurations
 + Level 1.9 Hexes
 + Level 1.9 Charms
 + Level 1.9 Summonings
 + Level 1.9 Necromancy
 + Level 1.9 Translocations
 + Level 2.9 Transmutations
 + Level 1.9 Fire Magic
 + Level 1.9 Ice Magic
 + Level 1.9 Air Magic
 + Level 1.9 Earth Magic
 + Level 5.8 Poison Magic
 + Level 2.5 Invocations
 + Level 2.3 Evocations


You had 14 spell levels left.
You knew the following spells:

 Your Spells              Type           Power        Failure   Level  Hunger
a - Sting                 Tmut/Pois      ###.         11%         1    None
b - Poisonous Vapours     Pois/Air       ###...       21%         2    None

Your spell library contained the following spells:

 Spells                   Type           Power        Failure   Level  Hunger
 Ignite Poison            Fire/Tmut/Pois ###.....     41%         3    ##.....
 Mephitic Cloud           Conj/Pois/Air  ###.....     45%         3    ##.....
 Olgreb's Toxic Radiance  Pois           ####....     52%         4    ####...


Dungeon Overview and Level Annotations

Branches:
Dungeon (5/15)
 Temple: D:4-7

Altars:
Ashenzari
Fedhas
Gozag
Makhleb
Ru
Uskayaw
Wu Jian
Yredelemnul

Annotations:
D:5 Dowan


Innate Abilities, Weirdness & Mutations

Your experience applies equally to all skills.
You have very sharp teeth.
Your uncanny sense of smell can sniff out nearby items.


Message History

Aiming: Sting (safe; 11% risk of failure)
Press: ? - help, Shift-Dir - straight line, f/p - Dowan
Aim: Dowan, wielding a +0 dagger and wearing a +0 robe (lightly wounded, fast, very poisoned)
The sting hits Dowan.
Dowan looks even sicker.
Dowan is lightly wounded.
You block Dowan's attack.
You block the worker ant zombie's attack.
Dowan misses you.
Casting: Sting (safe; 11% risk of failure)
Confirm with . or Enter, or press ? or * to list all spells.
You don't have enough magic to cast that spell.
Unknown command.
You spin and attack Dowan.
You hit Dowan. Your bite misses Dowan.
Dowan is heavily wounded.
Dowan barely misses you. Dowan hits you but does no damage.
Dowan completely misses you.
There is a stone staircase leading up, spattered with blood here.
Dowan points at you and mumbles some strange words.
The shard of ice hits you!
You die...

#.............
#..............
#...........%...
##................
..................
...................
...................
.......)...........
........@..........
........eZ.........
.............$.....
...........).......
...................
...................
...................
...................
...................


You could see Dowan (fast, very poisoned) and a worker ant zombie.

Vanquished Creatures
  Duvessa (D:5)
  An ogre (D:4)
  A scorpion (D:2)
  An orc wizard (D:3)
  An orc priest (D:5)
  A worker ant (D:4)
  Ijyb (D:3)
  7 adders
  4 gnolls (D:3)
  An adder skeleton (D:5)
  2 worms (D:2)
  3 leopard geckos
  16 orcs
  6 giant cockroaches
  7 goblins
  4 hobgoblins
  6 jackals (D:4)
  7 kobolds
  A quokka (D:3)
  5 bats
  4 frilled lizards
  9 rats
89 creatures vanquished.

Notes
Turn   | Place    | Note
-------+----------+-------------------------------------------
     0 | D:1      | MarredHen the Gnoll Venom Mage began the quest for the Orb.
     0 | D:1      | Reached XP level 1. HP: 13/13 MP: 6/6
   239 | D:1      | Reached XP level 2. HP: 19/19 MP: 5/7
   719 | D:1      | Reached XP level 3. HP: 25/25 MP: 5/9
  1220 | D:2      | Reached skill level 5 in Spellcasting
  1306 | D:2      | Reached skill level 1 in Invocations
  1648 | D:2      | Reached skill level 1 in Fighting
  1648 | D:2      | Reached skill level 1 in Short Blades
  1648 | D:2      | Reached skill level 1 in Long Blades
  1648 | D:2      | Reached skill level 1 in Axes
  1648 | D:2      | Reached skill level 1 in Maces & Flails
  1648 | D:2      | Reached skill level 1 in Polearms
  1648 | D:2      | Reached skill level 1 in Staves
  1648 | D:2      | Reached skill level 1 in Slings
  1648 | D:2      | Reached skill level 1 in Bows
  1648 | D:2      | Reached skill level 1 in Crossbows
  1648 | D:2      | Reached skill level 1 in Throwing
  1648 | D:2      | Reached skill level 1 in Armour
  1648 | D:2      | Reached skill level 1 in Shields
  1648 | D:2      | Reached skill level 1 in Unarmed Combat
  1648 | D:2      | Reached skill level 1 in Evocations
  1691 | D:2      | Noticed a scorpion
  1696 | D:2      | Reached XP level 4. HP: 29/32 MP: 6/11
  1704 | D:2      | Reached skill level 1 in Conjurations
  1704 | D:2      | Reached skill level 1 in Hexes
  1704 | D:2      | Reached skill level 1 in Charms
  1704 | D:2      | Reached skill level 1 in Summonings
  1704 | D:2      | Reached skill level 1 in Necromancy
  1704 | D:2      | Reached skill level 1 in Translocations
  1704 | D:2      | Reached skill level 1 in Fire Magic
  1704 | D:2      | Reached skill level 1 in Ice Magic
  1704 | D:2      | Reached skill level 1 in Air Magic
  1704 | D:2      | Reached skill level 1 in Earth Magic
  1935 | D:2      | Learned a level 2 spell: Poisonous Vapours
  2051 | D:3      | Reached XP level 5. HP: 25/37 MP: 5/12
  2334 | D:3      | Noticed Ijyb
  2347 | D:3      | Killed Ijyb
  3178 | D:3      | Reached XP level 6. HP: 21/44 MP: 0/13
  3443 | D:3      | Found a faded altar of an unknown god.
  3450 | D:3      | Became a worshipper of the Wu Jian Council
  3450 | D:3      | Reached * piety under Wu Jian
  3751 | D:4      | Found a basalt altar of Yredelemnul.
  3960 | D:4      | Reached skill level 5 in Dodging
  4266 | D:4      | Found a blossoming altar of Fedhas.
  4267 | D:4      | Found a hide-covered altar of Uskayaw.
  4267 | D:4      | Found a sacrificial altar of Ru.
  4267 | D:4      | Found a burning altar of Makhleb.
  4274 | D:4      | Found a shattered altar of Ashenzari.
  4274 | D:4      | Found an opulent altar of Gozag.
  4293 | D:5      | Entered Level 5 of the Dungeon
  4302 | D:5      | Reached XP level 7. HP: 7/50 MP: 7/15
  4570 | D:5      | Noticed Duvessa
  4679 | D:5      | Noticed Dowan
  4686 | D:5      | Killed Duvessa
  4699 | D:5      | Killed from afar by Dowan

Illustrated notes

Levels and vault maps discovered:
D:1:      dpeg_arrival_subterranean_lakeside_camping, layout_basic, minivault_4
D:2:      layout_rooms
D:3:      layout_basic, chequers_ecumenical_altar_simple,
          hangedman_decor_growths, uniq_ijyb
D:4:      layout_layer_cave, overflow_temple_1_default,
          minmay_overflow_temple_hex
D:5:      layout_gridville, first_ration, gammafunk_ghost_arena, uniq_sigmund,
          uniq_pikel, uniq_duvessa

Skill      XL: |  1  2  3  4  5  6 |
---------------+-------------------+-----
Transmutations | 2 |  2.9
Spellcasting   | 5 |  5.5
Invocations    | 1 2 |  2.5
Fighting       | 1 2 |  2.3
Short Blades   | 1 2 |  2.3
Long Blades    | 1 2 |  2.3
Axes           | 1 2 |  2.3
Maces & Flails | 1 2 |  2.3
Polearms       | 1 2 |  2.3
Staves         | 1 2 |  2.3
Slings         | 1 2 |  2.3
Bows           | 1 2 |  2.3
Crossbows      | 1 2 |  2.3
Throwing       | 1 2 |  2.3
Armour         | 1 2 |  2.3
Shields        | 1 2 |  2.3
Unarmed Combat | 1 2 |  2.3
Evocations     | 1 2 |  2.3
Conjurations   | 1 |  1.9
Hexes          | 1 |  1.9
Charms         | 1 |  1.9
Summonings     | 1 |  1.9
Necromancy     | 1 |  1.9
Translocations | 1 |  1.9
Fire Magic     | 1 |  1.9
Ice Magic      | 1 |  1.9
Air Magic      | 1 |  1.9
Earth Magic    | 1 |  1.9
Dodging        | 5 |  5.1
Stealth        | |  4.8
Poison Magic   | |  5.8

Action                   |  1- 3 |  4- 6 |  7- 9 || total
-------------------------+-------+-------+-------++-------
Melee: Unarmed           |     2 |       |       ||     2
       Bite              |     1 |     6 |       ||     7
       Short sword       |       |    52 |     1 ||    53
 Cast: Sting             |    76 |   116 |     8 ||   200
       Poisonous Vapours |       |       |     5 ||     5
Invok: Whirlwind         |       |     3 |     1 ||     4
  Use: Potion            |       |     2 |     1 ||     3
  Eat: Chunk             |     1 |     3 |       ||     4
       Ration            |       |     2 |     1 ||     3
Armor: Robe              |     3 |     4 |     3 ||    10
Dodge: Dodged            |    18 |    64 |     5 ||    87
Block: Kite shield       |     8 |    43 |     5 ||    56

Table legend:
 A = Non-vault XP
 B = Vault XP
 C = Vault XP percentage of total XP
 D = Non-vault monster count
 E = Vault monster count
 F = Vault count percentage of total count
                 A         B        C        D         E       F
            +---------+---------+-------+---------+---------+-------
      Total |     600 |     163 |  21.4 |      81 |       8 |   9.0
            +---------+---------+-------+---------+---------+-------
        D:1 |      29 |       8 |  21.6 |      19 |       6 |  24.0
        D:2 |     121 |       0 |   0.0 |      14 |       0 |   0.0
        D:3 |     184 |      13 |   6.6 |      28 |       1 |   3.4
        D:4 |     220 |       0 |   0.0 |      18 |       0 |   0.0
        D:5 |      46 |     142 |  75.5 |       2 |       1 |  33.3
            +---------+---------+-------+---------+---------+-------
